 Dungeon Crawl Stone Soup version 0.21.1-1-g345015f (webtiles) character file.

420 tidbits the Insei (level 6, -1/47 HPs)
             Began as a Gnoll Transmuter on June 20, 2018.
             Slain by Kandryn's ghost (3 damage)
             ... on level 6 of the Dungeon.
             The game lasted 00:09:07 (1070 turns).

tidbits the Insei (Gnoll Transmuter)                Turns: 1070, Time: 00:09:07

Health: -1/47      AC:  4    Str: 12    XL:     6   Next: 94%
Magic:  13/14      EV: 15    Int: 17    God:
Gold:   66         SH:  0    Dex: 16    Spells: 5/15 levels left

rFire    + . .     SeeInvis .   i - +2 whip (drain)
rCold    + . .     Gourm    .   (no shield)
rNeg     . . .     Faith    .   b - +0 robe
rPois    +         Spirit   .   (no helmet)
rElec    +         Reflect  .   (no cloak)
rCorr    +         Harm     .   (no gloves)
MR       .....                  F - +1 pair of boots {Fly}
Stlth    ++........             (no amulet)
HPRegen  0.15/turn              u - ring of flight
MPRegen  0.14/turn              (no ring)

@: resistant, flying
A: distributed training, fangs 1, strong nose
a: Stop Flying


You were on level 6 of the Dungeon.
You were not hungry.

You visited 1 branch of the dungeon, and saw 7 of its levels.

You collected 66 gold pieces.

Inventory:

Hand Weapons
 g - a +0 trident
 i - a +2 whip of draining (weapon)
   (You took it off an orc on level 4 of the Dungeon)
 k - a +0 dagger
 s - a cursed -2 shortbow
 v - a +2 shortbow of freezing
   (You took it off a centaur on level 7 of the Dungeon)
Missiles
 a - 39 arrows
 h - 14 tomahawks (quivered)
Armour
 b - a +0 robe (worn)
 F - a +1 pair of boots of flying (worn)
   (You found it on level 7 of the Dungeon)
Magical Staves
 e - an uncursed staff of energy {!a}
   (You found it on level 4 of the Dungeon)
Jewellery
 u - a ring of flight (left hand)
   (You found it on level 6 of the Dungeon)
Wands
 j - a wand of scattershot (6)
 A - a wand of clouds (4)
Scrolls
 p - a scroll of remove curse
 t - 2 scrolls of immolation
 y - a scroll of amnesia
Potions
 f - a potion of lignification {unknown}
 l - 2 potions of flight
 m - a potion of brilliance
 q - a potion of haste {unknown}
 w - a potion of might {unknown}
Books
 c - a book of Changes

   Spells                             Type                      Level
   a - Beastly Appendage              Transmutation                1
   b - Sticks to Snakes               Transmutation                2
   c - Spider Form                    Transmutation/Poison         3
   d - Ice Form                       Ice/Transmutation            4
   e - Blade Hands                    Transmutation                5
Comestibles
 d - 2 rations


   Skills:
 + Level 3.3 Fighting
 + Level 2.1 Short Blades
 + Level 2.1 Long Blades
 + Level 2.1 Axes
 + Level 2.1 Maces & Flails
 + Level 2.1 Polearms
 + Level 2.1 Staves
 + Level 2.1 Slings
 + Level 2.1 Bows
 + Level 2.1 Crossbows
 + Level 2.1 Throwing
 + Level 2.1 Armour
 + Level 5.0 Dodging
 + Level 2.1 Stealth
 + Level 2.1 Shields
 + Level 6.9 Unarmed Combat
 + Level 5.4 Spellcasting
 + Level 1.7 Conjurations
 + Level 1.7 Hexes
 + Level 1.7 Charms
 + Level 1.7 Summonings
 + Level 1.7 Necromancy
 + Level 1.7 Translocations
 + Level 4.2 Transmutations
 + Level 1.7 Fire Magic
 + Level 1.7 Ice Magic
 + Level 1.7 Air Magic
 + Level 1.7 Earth Magic
 + Level 1.7 Poison Magic
 + Level 2.3 Invocations
 + Level 2.1 Evocations


You had 5 spell levels left.
You knew the following spells:

 Your Spells              Type           Power        Failure   Level  Hunger
e - Beastly Appendage     Tmut           ###...       2%          1    None
i - Ice Form              Ice/Tmut       ##......     36%         4    ####...
k - Sticks to Snakes      Tmut           ###.....     3%          2    #......
p - Spider Form           Tmut/Pois      ##........   12%         3    ##.....


Dungeon Overview and Level Annotations

Branches:
Dungeon (7/15)
 Temple: D:4-7

Altars:
Dithmenos
Hepliaklqana
Nemelex Xobeh
The Shining One

Annotations:
D:6 Kandryn's ghost, novice MiFi


Innate Abilities, Weirdness & Mutations

Your experience applies equally to all skills.
You have very sharp teeth.
Your uncanny sense of smell can sniff out nearby items.


Message History

There is an open door here.
An adder comes into view.
The adder hisses angrily.
Found a wooden wand.
Found an escape hatch in the ceiling.
You see here 15 arrows.
a - 40 arrows (gained 15)
Casting: Spider Form
Confirm with . or Enter, or press ? or * to list all spells.
You create a snake!
You now have 39 arrows.
Casting: Sticks to Snakes
Confirm with . or Enter, or press ? or * to list all spells.
You turn into a venomous arachnid creature.
Your +2 whip of draining melds into your body.
Your +1 pair of boots of flying melds into your body.
Your +0 robe melds into your body.
The adder closely misses your adder.
A hungry ghost comes into view.
Your adder closely misses the adder.
The adder bites your adder.
Found 15 gold pieces.
Your adder barely misses the adder.
The adder closely misses your adder.
Your adder misses the adder. The adder barely misses your adder.
Your adder closely misses the adder.
The adder misses your adder.
Your adder misses the adder.
The adder bites your adder but does no damage.
Your adder completely misses the adder.
The adder completely misses your adder.
Your adder closely misses the adder.
The adder closely misses your adder.
Your adder completely misses the adder.
The adder bites your adder but does no damage.
Your adder misses the adder. The adder bites your adder.
Your adder bites the adder.
The adder barely misses your adder.
Your adder closely misses the adder.
The adder misses your adder.
Your adder closely misses the adder.
The adder closely misses your adder.
Your adder bites the adder.
The adder bites your adder.
Your adder dies!
The adder hisses angrily.
You hit the adder but do no damage.
The adder is heavily wounded.
The adder barely misses you.
You barely miss the adder.
The adder is heavily wounded.
The adder misses you.
You closely miss the adder.
The adder is heavily wounded.
The adder barely misses you.
You bite the adder!
You kill the adder!
You see here an adder corpse.
Your transformation is almost over.
You see here a wand of clouds (4).
A - a wand of clouds (4)
A hornet comes into view.
There is an escape hatch in the ceiling here.
A mysterious force pulls you upwards. The hatch slams shut behind you.
Level annotation: Kandryn's ghost, novice MiFi Unknown command.
Your transformation has ended.
Your +2 whip of draining unmelds from your body.
Your +1 pair of boots of flying unmelds from your body.
Your +0 robe unmelds from your body.
You sense an unholy aura.
You feel rather light.
You reach down and open the door.
There is an open door here.
You hit Kandryn's ghost but do no damage.
Kandryn's ghost misses you.
Unknown command.
Kandryn's ghost says, "Try not to bleed too much."
There is an open door here.
Kandryn's ghost hits you!
* * * LOW HITPOINT WARNING * * *
As you read the scroll labeled GOPNOF XIME, it crumbles to dust.
You feel blessed for a moment.
It was a scroll of remove curse.
Kandryn's ghost hits you.
* * * LOW HITPOINT WARNING * * *
As you read the scroll labeled VOVOME SUETZ, it crumbles to dust.
You experience a momentary feeling of inescapable doom!
It was a scroll of random uselessness.
Kandryn's ghost barely misses you.
Unknown command.
As you read the scroll labeled TYBINL REHOIL, it crumbles to dust.
You hear a loud clanging noise!
It was a scroll of noise.
You hear a shout!
You hear an angry hiss.
You hear a shout! x3
Kandryn's ghost barely misses you.
As you read the scroll labeled GUINOID ARAL, it crumbles to dust.
You feel aware of your surroundings.
It was a scroll of magic mapping.
Kandryn's ghost hits you but does no damage.
Unknown command.
As you read the scroll labeled MUTWUNK HAAPTO, it crumbles to dust.
It is a scroll of identify.
y - a scroll of amnesia Kandryn's ghost hits you!
* * * LOW HITPOINT WARNING * * *
Okay, then.
Casting: Spider Form
Confirm with . or Enter, or press ? or * to list all spells.
You don't know that spell.
Okay, then.
It was a potion of resistance.
You feel protected. Kandryn's ghost hits you.
You die...

,*,*.#.#.#.#.#.#* #)......#,,* *
*,*,*.#.#.#.#.#,* #.#..#....,* *
,*,*,*.#.#.#.#,** #.#........# *
*,*,*,*.#.#.#,*,####.#.,..#...#**
,*,*,*,*.#.#.#,##....#..........,
*,*,*,*,*.#,#.#.#....#,..#.#..##.
,*,*,*,*,*,#.#.##....#...*.,...,,
*,*,*,*,*,#.#.#W#....#,,,,,*>*,*,
,*,*,*,*,*,#....@....#,*,*,*,,,*,
*,*,*,*,*,#.#........#,*,*,,,,**,
,*,*,*,*,#.#.........#,*,*,,,,,,,
*,*,*,*,#.#.#.#.#....#,*,*,*,,,,,
******,#...............*,*,*,*,,,
*,#############.###,*,*,*,** *,*
#..,,,,,*,*,*
*,*************###*,***,*,*
*,*,,,,,,,,,,,,,,,,,* *,*,*


You could see Kandryn's ghost.

Vanquished Creatures
  2 centaurs
  A bullfrog (D:7)
  A scorpion (D:7)
  An orc wizard (D:4)
  A worker ant (D:4)
  2 adders
  A worm (D:3)
  4 leopard geckos
  16 orcs
  A bat (D:2)
  2 goblins
  5 jackals
  3 quokkas
  2 frilled lizards
  A kobold (D:1)
  2 rats
45 creatures vanquished.

Vanquished Creatures (collateral kills)
  An orc wizard (D:4)
  A worker ant (D:4)
  A worm (D:2)
  A goblin (D:2)
  A jackal (D:7)
5 creatures vanquished.

Grand Total: 50 creatures vanquished

Notes
Turn   | Place    | Note
-------+----------+-------------------------------------------
     0 | D:1      | tidbits the Gnoll Transmuter began the quest for the Orb.
     0 | D:1      | Reached XP level 1. HP: 17/17 MP: 6/6
   185 | D:1      | Reached XP level 2. HP: 21/23 MP: 5/7
   189 | D:1      | Learned a level 2 spell: Sticks to Snakes
   366 | D:3      | Reached XP level 3. HP: 21/28 MP: 7/9
   371 | D:3      | Learned a level 3 spell: Spider Form
   384 | D:3      | Reached skill level 5 in Spellcasting
   422 | D:4      | Reached skill level 1 in Short Blades
   422 | D:4      | Reached skill level 1 in Long Blades
   422 | D:4      | Reached skill level 1 in Axes
   422 | D:4      | Reached skill level 1 in Maces & Flails
   422 | D:4      | Reached skill level 1 in Polearms
   422 | D:4      | Reached skill level 1 in Staves
   422 | D:4      | Reached skill level 1 in Slings
   422 | D:4      | Reached skill level 1 in Bows
   422 | D:4      | Reached skill level 1 in Crossbows
   422 | D:4      | Reached skill level 1 in Throwing
   422 | D:4      | Reached skill level 1 in Armour
   422 | D:4      | Reached skill level 1 in Stealth
   422 | D:4      | Reached skill level 1 in Shields
   422 | D:4      | Reached skill level 1 in Invocations
   422 | D:4      | Reached skill level 1 in Evocations
   422 | D:4      | Reached XP level 4. HP: 19/34 MP: 4/11
   430 | D:4      | Learned a level 4 spell: Ice Form
   507 | D:4      | Reached skill level 1 in Conjurations
   507 | D:4      | Reached skill level 1 in Hexes
   507 | D:4      | Reached skill level 1 in Charms
   507 | D:4      | Reached skill level 1 in Summonings
   507 | D:4      | Reached skill level 1 in Necromancy
   507 | D:4      | Reached skill level 1 in Translocations
   507 | D:4      | Reached skill level 1 in Fire Magic
   507 | D:4      | Reached skill level 1 in Ice Magic
   507 | D:4      | Reached skill level 1 in Air Magic
   507 | D:4      | Reached skill level 1 in Earth Magic
   507 | D:4      | Reached skill level 1 in Poison Magic
   511 | D:4      | Reached XP level 5. HP: 10/40 MP: 0/12
   520 | D:4      | Found a shadowy altar of Dithmenos.
   708 | D:5      | Entered Level 5 of the Dungeon
   758 | D:5      | Reached skill level 3 in Fighting
   816 | D:6      | Noticed a centaur
   829 | D:6      | Killed a centaur
   829 | D:6      | Reached skill level 4 in Transmutations
   829 | D:6      | Reached skill level 2 in Invocations
   829 | D:6      | Reached XP level 6. HP: 12/47 MP: 10/13
   852 | D:6      | Noticed Kandryn's ghost (novice MiFi)
   899 | D:7      | Reached skill level 2 in Short Blades
   899 | D:7      | Reached skill level 2 in Long Blades
   899 | D:7      | Reached skill level 2 in Axes
   899 | D:7      | Reached skill level 2 in Maces & Flails
   899 | D:7      | Reached skill level 2 in Polearms
   899 | D:7      | Reached skill level 2 in Staves
   899 | D:7      | Reached skill level 2 in Slings
   899 | D:7      | Reached skill level 2 in Bows
   899 | D:7      | Reached skill level 2 in Crossbows
   899 | D:7      | Reached skill level 2 in Throwing
   899 | D:7      | Reached skill level 2 in Armour
   899 | D:7      | Reached skill level 5 in Dodging
   899 | D:7      | Reached skill level 2 in Stealth
   899 | D:7      | Reached skill level 2 in Shields
   899 | D:7      | Reached skill level 2 in Evocations
   933 | D:6      | Found a glowing golden altar of the Shining One.
   933 | D:6      | Found a sparkling altar of Nemelex Xobeh.
   936 | D:6      | Found a hazy altar of Hepliaklqana.
  1029 | D:7      | Noticed a hungry ghost
  1052 | D:7      | Noticed a hornet
  1069 | D:6      | HP: 2/47 [Kandryn's ghost (16)]
  1070 | D:6      | Slain by Kandryn's ghost

Skill      XL: |  1  2  3  4  5  6 |
---------------+-------------------+-----
Spellcasting   | 5 |  5.4
Short Blades   | 1 2 |  2.1
Long Blades    | 1 2 |  2.1
Axes           | 1 2 |  2.1
Maces & Flails | 1 2 |  2.1
Polearms       | 1 2 |  2.1
Staves         | 1 2 |  2.1
Slings         | 1 2 |  2.1
Bows           | 1 2 |  2.1
Crossbows      | 1 2 |  2.1
Throwing       | 1 2 |  2.1
Armour         | 1 2 |  2.1
Stealth        | 1 2 |  2.1
Shields        | 1 2 |  2.1
Invocations    | 1 2 |  2.3
Evocations     | 1 2 |  2.1
Conjurations   | 1 |  1.7
Hexes          | 1 |  1.7
Charms         | 1 |  1.7
Summonings     | 1 |  1.7
Necromancy     | 1 |  1.7
Translocations | 1 |  1.7
Fire Magic     | 1 |  1.7
Ice Magic      | 1 |  1.7
Air Magic      | 1 |  1.7
Earth Magic    | 1 |  1.7
Poison Magic   | 1 |  1.7
Fighting       | 3 |  3.3
Transmutations | 4 |  4.2
Dodging        | 5 |  5.0
Unarmed Combat | |  6.9

Action                   |  1- 3 |  4- 6 || total
-------------------------+-------+-------++-------
Melee: Unarmed           |    43 |    58 ||   101
       Headbutt          |     5 |       ||     5
       Bite              |     4 |       ||     4
       Kick              |     3 |       ||     3
       Whip              |       |     3 ||     3
 Cast: Beastly Appendage |     6 |       ||     6
       Sticks to Snakes  |     4 |     6 ||    10
       Spider Form       |     2 |    10 ||    12
Evoke: Wand              |       |     1 ||     1
  Use: Scroll            |       |     6 ||     6
       Potion            |       |     3 ||     3
 Stab: Sleeping          |       |     2 ||     2
  Eat: Chunk             |       |     2 ||     2
Armor: Skin              |       |     2 ||     2
       Robe              |       |     1 ||     1
Dodge: Dodged            |    27 |    49 ||    76

Table legend:
 A = Turns spent in this place as a percentage of turns spent in the entire game.
 B = Non-inter-level travel turns spent in this place as a percentage of non-inter-level travel turns spent in the entire game.
 C = Inter-level travel turns spent in this place as a percentage of turns spent in this place.
 D = Turns resting spent in this place as a percentage of non-inter-level travel turns spent in this place.
 E = Turns spent auto-exploring this place as a percentage of non-inter-level travel turns spent in this place.
 F = Non-inter-level travel turns spent in this place divided by the number of levels of this place that you've seen.
                   A       B       C       D       E      F
               +-------+-------+-------+-------+-------+----------------------
         Total | 100.0 | 100.0 |   3.5 |   0.5 |   0.0 | 147.6
       Dungeon | 100.0 | 100.0 |   3.5 |   0.5 |   0.0 | 147.6
               +-------+-------+-------+-------+-------+----------------------

Table legend:
 A = Kills in this place as a percentage of kills in entire the game.
 B = Kills by you in this place as a percentage of kills by you in the entire game.
 C = Kills by friends in this place as a percentage of kills by friends in the entire game.
 D = Other kills in this place as a percentage of other kills in the entire game.
 E = Experience gained in this place as a percentage of experience gained in the entire game.
 F = Experience gained in this place divided by the number of levels of this place that you have seen.
                   A       B       C       D       E      F
               +-------+-------+-------+-------+-------+----------------------
         Total | 100.0 | 100.0 | 100.0 |   N/A | 100.0 |  85.7
       Dungeon | 100.0 | 100.0 | 100.0 |   N/A | 100.0 |  85.7
               +-------+-------+-------+-------+-------+----------------------

Vault maps used:
D:1:      lightli_arrival_windingriver
D:2:      cheibriados_altar_1, nicolae_dithmenos_shadow_blocks
D:3:      nicolae_overflow_crystal_walls, first_ration,
          chequers_ecumenical_altar_twisty, nicolae_gozag_zags_fifth_avenue
D:4:      kennysheep_little_box, lemuel_crystal_altar
D:6:      nicolae_overflow_hidden_temple, uniq_blork_the_orc
D:7:      lemuel_round_altar, minmay_temple_entry_overgrown,
          sigmund_edmund_badplayer, uniq_prince_ribbit1
